[ PARTIDA AOE2 · #462648074 ]
Team RMEtíopes vs Italians
[ ANÁLISIS DE REPETICIÓN · EXTRAÍDO DE LA PARTIDA GRABADA ]
Feudal
9:07
Castillos
23:03
Imperial
—
| APM promedio | 29.6 |
| APM pico | 58 |
| eAPM promedio | 10.9 |
| Aldeanos / militares | 39 / 26 |
Foco
⚔️ 35.3% · 🌾 64.7%
Archer ×25 · Spearman ×1
Feudal
9:58
Castillos
28:02
Imperial
—
| APM promedio | 51.4 |
| APM pico | 82 |
| eAPM promedio | 22.9 |
| Aldeanos / militares | 65 / 87 |
Foco
⚔️ 33.2% · 🌾 66.8%
Archer ×87
Feudal
9:20
Castillos
26:58
Imperial
—
| APM promedio | 39.8 |
| APM pico | 69 |
| eAPM promedio | 20.4 |
| Aldeanos / militares | 54 / 52 |
Foco
⚔️ 35.3% · 🌾 64.7%
Scout Cavalry ×42 · Spearman ×6 · Knight ×4
Feudal
9:13
Castillos
21:07
Imperial
—
| APM promedio | 63.7 |
| APM pico | 185 |
| eAPM promedio | 18.8 |
| Aldeanos / militares | 81 / 61 |
Foco
⚔️ 31.3% · 🌾 68.7%
Knight ×49 · Scout Cavalry ×11 · Spearman ×1
Feudal
9:03
Castillos
24:53
Imperial
—
| APM promedio | 36.0 |
| APM pico | 110 |
| eAPM promedio | 17.0 |
| Aldeanos / militares | 55 / 52 |
Foco
⚔️ 19.3% · 🌾 80.7%
Camel Scout ×27 · Scout Cavalry ×25
Feudal
8:41
Castillos
26:58
Imperial
—
| APM promedio | 48.9 |
| APM pico | 118 |
| eAPM promedio | 18.8 |
| Aldeanos / militares | 85 / 45 |
Foco
⚔️ 38.5% · 🌾 61.5%
Cavalry Archer ×27 · Scout Cavalry ×18
Feudal
9:19
Castillos
25:41
Imperial
—
| APM promedio | 45.9 |
| APM pico | 90 |
| eAPM promedio | 17.4 |
| Aldeanos / militares | 55 / 94 |
Foco
⚔️ 37.4% · 🌾 62.6%
Archer ×93 · Spearman ×1
Feudal
10:31
Castillos
14:50
Imperial
—
| APM promedio | 42.1 |
| APM pico | 82 |
| eAPM promedio | 26.3 |
| Aldeanos / militares | 35 / 113 |
Foco
⚔️ 52.0% · 🌾 48.0%
Ghulam ×113
Mapa de la partida
Recursos iniciales + cada clic de construcción. Líneas = muros · curvas = relieve. ◆ oro · ⬟ piedra · ● bayas · ✦ reliquia · ◌ hueco del cierre
Tu base· ✓ Cerrada en 23:03 · 55t muro · sin puerta
Base de Monsoon Neutralizer· Abierta — hueco de 3t
Base de MR.Superman· ✓ Cerrada en 26:58 · 47t muro · 1 puerta(s)
Base de Mceffe· ✓ Cerrada en 21:07 · 53t muro · sin puerta
Base de titumir· Abierta — hueco de 1t
Base de Twidboy· ✓ Cerrada en 26:58 · 44t muro · 1 puerta(s)
Base de | 尺· ✓ Cerrada en 25:41 · 36t muro · 1 puerta(s)
Base de memecoin enthusiast· Abierta — flanco sin cerrar
Terreno inicial suavizado · ◌ = hueco del cierre detectado · pasá el cursor para detalles
Inputs por minuto
— AcE | AvadaKedavra - - Monsoon Neutralizer
Build order — AcE | AvadaKedavra
126 acciones detectadas en el replay
| 0:01 | Crear | Villager (Male) |
| 0:02 | Crear | Villager (Male) |
| 0:02 | Crear | Villager (Male) |
| 0:02 | Crear | Villager (Male) |
| 0:02 | Crear | Villager (Male) |
| 0:03 | Construir | House |
| 0:04 | Construir | House |
| 1:25 | Crear | Villager (Male) |
| 1:25 | Crear | Villager (Male) |
| 2:01 | Crear | Villager (Male) |
| 2:01 | Crear | Villager (Male) |
| 2:03 | Construir | Lumber Camp |
| 2:16 | Crear | Villager (Male) |
| 2:17 | Crear | Villager (Male) |
| 2:48 | Crear | Villager (Male) |
| 2:49 | Crear | Villager (Male) |
| 3:08 | Crear | Villager (Male) |
| 3:08 | Crear | Villager (Male) |
| 3:37 | Crear | Villager (Male) |
| 3:40 | Construir | House |
| 4:16 | Construir | Mill |
| 4:23 | Crear | Villager (Male) |
| 4:32 | Crear | Villager (Male) |
| 5:04 | Crear | Villager (Male) |
| 5:13 | Crear | Villager (Male) |
| 5:38 | Crear | Villager (Male) |
| 5:39 | Investigar | Loom |
| 6:57 | Investigar | Feudal Age |
| 7:06 | Construir | Barracks |
| 7:37 | Construir | House |
| 8:16 | Construir | Mining Camp |
| 8:37 | Construir | House |
| 9:07 | Edad | Edad Feudal |
| 9:13 | Crear | Villager (Male) |
| 9:16 | Construir | Archery Range |
| 9:20 | Crear | Villager (Male) |
| 9:22 | Crear | Spearman |
| 9:49 | Crear | Villager (Male) |
| 9:53 | Investigar | Double-Bit Axe |
| 10:19 | Construir | Archery Range |
| 10:20 | Crear | Villager (Male) |
| 10:33 | Construir | Palisade Wall |
| 10:42 | Construir | House |
| 10:44 | Crear | Archer |
| 10:44 | Crear | Archer |
| 10:50 | Crear | Villager (Male) |
| 10:51 | Crear | Villager (Male) |
| 10:58 | Construir | Palisade Wall |
| 11:02 | Crear | Archer |
| 11:04 | Crear | Archer |
| 11:04 | Crear | Archer |
| 11:06 | Crear | Archer |
| 11:26 | Construir | House |
| 11:28 | Crear | Villager (Male) |
| 11:40 | Construir | Palisade Wall |
| 11:42 | Crear | Archer |
| 11:42 | Crear | Archer |
| 11:48 | Crear | Villager (Male) |
| 11:49 | Crear | Archer |
| 11:49 | Crear | Archer |
| 12:02 | Construir | House |
| 12:18 | Construir | Palisade Wall |
| 12:27 | Crear | Archer |
| 12:34 | Crear | Villager (Male) |
| 12:41 | Construir | Blacksmith |
| 12:49 | Construir | Mill |
| 12:55 | Construir | Palisade Gate |
| 13:01 | Crear | Archer |
| 13:05 | Construir | House |
| 13:25 | Crear | Archer |
| 13:26 | Crear | Archer |
| 13:28 | Crear | Villager (Male) |
| 13:42 | Construir | Farm |
| 13:43 | Construir | Farm |
| 13:46 | Construir | Palisade Wall |
| 14:00 | Crear | Villager (Male) |
| 14:01 | Crear | Archer |
| 14:02 | Crear | Archer |
| 14:18 | Construir | Farm |
| 14:19 | Construir | Farm |
| 14:24 | Construir | Palisade Wall |
| 14:28 | Crear | Archer |
| 14:29 | Crear | Villager (Male) |
| 14:48 | Construir | House |
| 14:52 | Crear | Villager (Male) |
| 14:55 | Construir | Palisade Wall |
| 15:03 | Crear | Archer |
| 15:12 | Construir | Farm |
| 15:19 | Construir | Farm |
| 15:25 | Construir | Farm |
| 15:28 | Crear | Villager (Male) |
| 15:47 | Investigar | Fletching |
| 15:50 | Construir | House |
| 15:51 | Construir | Palisade Wall |
| 16:02 | Crear | Villager (Male) |
| 16:14 | Crear | Archer |
| 16:14 | Crear | Archer |
| 16:16 | Crear | Villager (Male) |
| 16:20 | Construir | Palisade Wall |
| 17:04 | Crear | Villager (Male) |
| 17:05 | Investigar | Wheelbarrow |
| 17:12 | Construir | Farm |
| 17:13 | Construir | Farm |
| 17:13 | Construir | Farm |
| 17:13 | Construir | Farm |
| 17:22 | Construir | House |
| 17:52 | Construir | House |
| 17:55 | Construir | House |
| 18:07 | Construir | House |
| 18:43 | Crear | Archer |
| 18:43 | Crear | Archer |
| 19:41 | Construir | House |
| 19:43 | Construir | Palisade Wall |
| 19:45 | Construir | House |
| 19:47 | Construir | House |
| 19:55 | Construir | Palisade Wall |
| 20:23 | Investigar | Castle Age |
| 20:27 | Crear | Archer |
| 20:27 | Crear | Archer |
| 20:28 | Crear | Archer |
| 22:13 | Construir | House |
| 22:15 | Construir | House |
| 22:23 | Construir | House |
| 23:03 | Edad | Edad de los Castillos |
| 25:26 | Construir | Town Center |
| 28:24 | Crear | Villager (Male) |
Build order — Monsoon Neutralizer
Primeras 150 de 200 acciones detectadas
| 0:01 | Crear | Villager (Male) |
| 0:01 | Crear | Villager (Male) |
| 0:01 | Crear | Villager (Male) |
| 0:02 | Construir | House |
| 0:04 | Construir | House |
| 0:05 | Crear | Villager (Male) |
| 1:11 | Construir | Lumber Camp |
| 1:31 | Construir | House |
| 1:36 | Crear | Villager (Male) |
| 2:07 | Crear | Villager (Male) |
| 2:24 | Crear | Villager (Male) |
| 2:56 | Crear | Villager (Male) |
| 3:01 | Construir | House |
| 3:20 | Crear | Villager (Male) |
| 3:55 | Crear | Villager (Male) |
| 3:56 | Crear | Villager (Male) |
| 3:56 | Crear | Villager (Male) |
| 3:56 | Crear | Villager (Male) |
| 4:15 | Crear | Villager (Male) |
| 4:36 | Crear | Villager (Male) |
| 5:05 | Construir | Mining Camp |
| 5:21 | Crear | Villager (Male) |
| 5:44 | Crear | Villager (Male) |
| 5:53 | Crear | Villager (Male) |
| 6:01 | Crear | Villager (Male) |
| 6:02 | Crear | Villager (Male) |
| 6:27 | Crear | Villager (Male) |
| 6:43 | Crear | Villager (Male) |
| 6:52 | Crear | Villager (Male) |
| 7:20 | Investigar | Loom |
| 7:34 | Construir | Mill |
| 7:48 | Investigar | Feudal Age |
| 8:38 | Construir | Barracks |
| 9:09 | Construir | House |
| 9:20 | Crear | Villager (Male) |
| 9:49 | Construir | House |
| 9:50 | Construir | House |
| 9:58 | Edad | Edad Feudal |
| 9:59 | Construir | Archery Range |
| 10:03 | Construir | Archery Range |
| 10:06 | Crear | Villager (Male) |
| 10:22 | Crear | Villager (Male) |
| 10:31 | Crear | Villager (Male) |
| 10:51 | Crear | Villager (Male) |
| 10:59 | Construir | Blacksmith |
| 11:06 | Crear | Archer |
| 11:07 | Crear | Archer |
| 11:14 | Crear | Villager (Male) |
| 11:38 | Construir | Mill |
| 11:40 | Crear | Villager (Male) |
| 11:45 | Crear | Archer |
| 11:46 | Crear | Archer |
| 12:05 | Investigar | Fletching |
| 12:08 | Crear | Archer ×3 |
| 12:20 | Crear | Villager (Male) |
| 12:40 | Crear | Archer |
| 12:49 | Construir | Mill |
| 13:11 | Crear | Villager (Male) |
| 13:14 | Construir | Farm |
| 13:15 | Crear | Archer |
| 13:15 | Crear | Archer |
| 13:35 | Construir | House |
| 13:36 | Construir | House |
| 13:42 | Crear | Archer |
| 14:20 | Crear | Archer |
| 14:21 | Crear | Archer |
| 14:23 | Investigar | Padded Archer Armor |
| 14:35 | Construir | House |
| 14:45 | Crear | Archer |
| 14:47 | Crear | Villager (Male) |
| 15:16 | Crear | Archer |
| 15:16 | Crear | Archer |
| 15:22 | Crear | Villager (Male) |
| 15:23 | Crear | Villager (Male) |
| 15:25 | Construir | Farm |
| 15:48 | Crear | Villager (Male) |
| 15:48 | Crear | Villager (Male) |
| 15:50 | Construir | House |
| 15:52 | Construir | House |
| 16:20 | Construir | Palisade Gate |
| 16:21 | Construir | House |
| 16:25 | Crear | Villager (Male) |
| 16:27 | Crear | Archer |
| 16:29 | Crear | Archer |
| 16:34 | Investigar | Double-Bit Axe |
| 16:41 | Construir | House |
| 16:49 | Construir | Palisade Wall |
| 16:51 | Construir | Palisade Wall |
| 17:09 | Crear | Villager (Male) |
| 17:13 | Construir | Palisade Gate |
| 17:19 | Crear | Archer |
| 17:20 | Crear | Archer |
| 17:24 | Crear | Villager (Male) |
| 17:24 | Crear | Villager (Male) |
| 17:24 | Crear | Villager (Male) |
| 17:26 | Investigar | Gold Mining |
| 17:44 | Crear | Villager (Male) |
| 17:49 | Construir | Watch Tower |
| 17:55 | Crear | Archer |
| 18:19 | Construir | Lumber Camp |
| 18:29 | Construir | House |
| 18:30 | Construir | House |
| 18:31 | Construir | House |
| 18:32 | Construir | House |
| 19:15 | Crear | Villager (Male) |
| 19:19 | Construir | Mining Camp |
| 19:36 | Crear | Archer |
| 19:36 | Crear | Archer |
| 19:37 | Crear | Archer |
| 19:37 | Crear | Archer |
| 19:37 | Crear | Archer |
| 19:37 | Crear | Archer |
| 19:43 | Crear | Archer |
| 19:47 | Crear | Villager (Male) |
| 20:21 | Crear | Villager (Male) |
| 20:25 | Construir | Archery Range |
| 20:32 | Crear | Archer |
| 20:47 | Crear | Archer |
| 20:48 | Crear | Archer |
| 20:48 | Crear | Archer |
| 20:59 | Construir | Stone Wall |
| 21:08 | Construir | Farm |
| 21:09 | Investigar | Horse Collar |
| 21:24 | Crear | Archer |
| 21:24 | Crear | Archer |
| 21:25 | Crear | Archer |
| 21:30 | Construir | Farm |
| 21:31 | Crear | Villager (Male) |
| 21:32 | Crear | Villager (Male) |
| 21:32 | Crear | Villager (Male) |
| 21:54 | Construir | Stone Wall |
| 21:59 | Crear | Archer ×5 |
| 22:05 | Construir | Farm |
| 22:33 | Construir | Farm |
| 22:51 | Construir | Farm |
| 22:53 | Crear | Villager (Male) |
| 22:53 | Crear | Villager (Male) |
| 22:56 | Construir | Farm |
| 23:00 | Construir | Lumber Camp |
| 23:08 | Crear | Archer ×5 |
| 23:37 | Construir | Farm |
| 23:40 | Construir | Farm |
| 23:52 | Construir | Market |
| 23:56 | Crear | Villager (Male) |
| 23:56 | Crear | Villager (Male) |
| 24:16 | Crear | Archer ×5 |
| 24:34 | Crear | Villager (Male) |
| 25:22 | Investigar | Castle Age |
| 25:22 | Investigar | Castle Age |
| 25:36 | Construir | Mining Camp |
Build order — MR.Superman
Primeras 150 de 190 acciones detectadas
| 0:01 | Crear | Villager (Male) |
| 0:01 | Crear | Villager (Male) |
| 0:03 | Construir | House |
| 0:04 | Construir | House |
| 0:07 | Crear | Villager (Male) |
| 0:08 | Crear | Villager (Male) |
| 0:13 | Crear | Villager (Male) |
| 0:13 | Crear | Villager (Male) |
| 1:25 | Crear | Villager (Male) |
| 1:25 | Crear | Villager (Male) |
| 2:01 | Crear | Villager (Male) |
| 2:01 | Crear | Villager (Male) |
| 2:23 | Crear | Villager (Male) |
| 2:24 | Crear | Villager (Male) |
| 2:28 | Construir | Lumber Camp |
| 2:53 | Construir | House |
| 3:18 | Crear | Villager (Male) |
| 3:18 | Crear | Villager (Male) |
| 3:46 | Crear | Villager (Male) |
| 4:02 | Crear | Villager (Male) |
| 4:48 | Construir | Mill |
| 4:59 | Construir | Mill |
| 5:03 | Construir | House |
| 5:10 | Crear | Villager (Male) |
| 5:10 | Crear | Villager (Male) |
| 5:51 | Crear | Villager (Male) |
| 6:25 | Crear | Villager (Male) |
| 6:29 | Investigar | Loom |
| 6:47 | Crear | Villager (Male) |
| 7:14 | Investigar | Feudal Age |
| 7:23 | Construir | Lumber Camp |
| 8:17 | Construir | Barracks |
| 9:20 | Edad | Edad Feudal |
| 9:24 | Crear | Villager (Male) |
| 9:27 | Construir | Stable |
| 9:32 | Construir | Palisade Wall |
| 9:35 | Investigar | Double-Bit Axe |
| 9:42 | Crear | Villager (Male) |
| 9:54 | Construir | House |
| 9:58 | Construir | Palisade Wall |
| 10:04 | Crear | Villager (Male) |
| 10:11 | Construir | Palisade Gate |
| 10:13 | Construir | House |
| 10:19 | Crear | Villager (Male) |
| 10:30 | Crear | Scout Cavalry |
| 10:30 | Crear | Scout Cavalry |
| 10:36 | Construir | Farm |
| 10:37 | Construir | Farm |
| 10:48 | Construir | House |
| 10:51 | Crear | Villager (Male) |
| 11:08 | Crear | Scout Cavalry |
| 11:12 | Construir | Farm |
| 11:13 | Construir | Farm |
| 11:13 | Construir | Farm |
| 11:13 | Construir | Farm |
| 11:18 | Crear | Villager (Male) |
| 11:18 | Crear | Villager (Male) |
| 11:33 | Construir | Palisade Wall |
| 11:48 | Construir | House |
| 11:52 | Construir | Palisade Wall |
| 11:55 | Crear | Spearman |
| 12:00 | Construir | Farm |
| 12:04 | Construir | Farm |
| 12:13 | Crear | Scout Cavalry |
| 12:18 | Construir | Farm |
| 12:28 | Crear | Villager (Male) |
| 12:38 | Crear | Spearman |
| 12:58 | Construir | Farm |
| 12:59 | Crear | Villager (Male) |
| 12:59 | Crear | Villager (Male) |
| 13:11 | Crear | Scout Cavalry |
| 13:18 | Construir | Blacksmith |
| 13:25 | Crear | Villager (Male) |
| 13:31 | Crear | Villager (Male) |
| 13:34 | Construir | Farm |
| 13:37 | Construir | Farm |
| 13:57 | Crear | Scout Cavalry |
| 14:32 | Crear | Villager (Male) |
| 14:37 | Construir | Mining Camp |
| 14:38 | Crear | Villager (Male) |
| 14:42 | Construir | Farm |
| 14:43 | Crear | Scout Cavalry |
| 14:43 | Crear | Scout Cavalry |
| 15:08 | Crear | Villager (Male) |
| 15:17 | Construir | Market |
| 15:31 | Construir | House |
| 15:42 | Construir | Farm |
| 15:43 | Crear | Villager (Male) |
| 16:06 | Construir | House |
| 16:08 | Construir | Farm |
| 16:08 | Construir | Farm |
| 16:12 | Construir | House |
| 16:15 | Crear | Villager (Male) |
| 16:17 | Construir | Farm |
| 16:23 | Crear | Scout Cavalry |
| 16:29 | Construir | House |
| 16:44 | Construir | Palisade Wall |
| 16:52 | Construir | House |
| 17:18 | Crear | Scout Cavalry |
| 17:28 | Crear | Scout Cavalry |
| 17:29 | Crear | Scout Cavalry |
| 17:29 | Crear | Spearman |
| 17:43 | Crear | Spearman |
| 17:50 | Crear | Spearman |
| 17:56 | Construir | House |
| 17:58 | Crear | Spearman |
| 17:59 | Crear | Scout Cavalry |
| 18:15 | Crear | Villager (Male) |
| 18:16 | Crear | Villager (Male) |
| 18:20 | Construir | Farm |
| 18:38 | Construir | Farm |
| 18:38 | Construir | Farm |
| 18:40 | Crear | Villager (Male) |
| 18:45 | Construir | House |
| 18:56 | Investigar | Scale Barding Armor |
| 18:56 | Investigar | Forging |
| 19:01 | Construir | Farm |
| 19:02 | Construir | Farm |
| 19:02 | Construir | Farm |
| 19:02 | Construir | Farm |
| 19:03 | Crear | Villager (Male) |
| 19:03 | Crear | Villager (Male) |
| 19:16 | Construir | Farm |
| 19:57 | Crear | Villager (Male) |
| 19:58 | Construir | Farm |
| 20:16 | Crear | Scout Cavalry |
| 20:17 | Crear | Scout Cavalry |
| 20:32 | Crear | Scout Cavalry |
| 20:37 | Crear | Villager (Male) |
| 20:48 | Investigar | Forging |
| 20:50 | Crear | Villager (Male) |
| 21:15 | Construir | Stable |
| 21:32 | Crear | Scout Cavalry |
| 21:39 | Crear | Scout Cavalry |
| 21:40 | Crear | Scout Cavalry |
| 21:40 | Crear | Villager (Male) |
| 21:49 | Crear | Scout Cavalry |
| 21:53 | Crear | Villager (Male) |
| 22:06 | Crear | Villager (Male) |
| 22:10 | Construir | Farm |
| 22:10 | Construir | Farm |
| 22:12 | Crear | Scout Cavalry |
| 22:12 | Crear | Scout Cavalry |
| 22:14 | Crear | Scout Cavalry |
| 22:34 | Crear | Scout Cavalry |
| 22:36 | Crear | Scout Cavalry |
| 22:36 | Crear | Scout Cavalry |
| 22:39 | Construir | Farm |
| 22:42 | Crear | Villager (Male) |
| 22:47 | Crear | Scout Cavalry |
Build order — Mceffe
Primeras 150 de 231 acciones detectadas
| 0:01 | Crear | Villager (Male) ×5 |
| 0:04 | Construir | House |
| 0:05 | Construir | House |
| 1:25 | Crear | Villager (Male) |
| 1:41 | Construir | Lumber Camp |
| 2:01 | Crear | Villager (Male) |
| 2:06 | Crear | Villager (Male) |
| 2:45 | Crear | Villager (Male) |
| 2:45 | Crear | Villager (Male) |
| 3:09 | Crear | Villager (Male) |
| 3:38 | Construir | House |
| 3:38 | Construir | House |
| 3:45 | Crear | Villager (Male) |
| 3:45 | Crear | Villager (Male) |
| 3:59 | Crear | Villager (Male) |
| 4:00 | Crear | Villager (Male) |
| 4:03 | Construir | Mill |
| 4:15 | Crear | Villager (Male) |
| 4:52 | Crear | Villager (Male) |
| 4:52 | Crear | Villager (Male) |
| 5:09 | Crear | Villager (Male) |
| 5:10 | Crear | Villager (Male) |
| 6:13 | Crear | Villager (Male) |
| 6:14 | Investigar | Loom |
| 7:01 | Investigar | Feudal Age |
| 7:18 | Construir | Lumber Camp |
| 7:49 | Construir | Barracks |
| 9:12 | Crear | Villager (Male) |
| 9:12 | Crear | Villager (Male) |
| 9:13 | Edad | Edad Feudal |
| 9:15 | Construir | Stable |
| 9:19 | Investigar | Double-Bit Axe |
| 9:26 | Construir | Farm |
| 9:40 | Crear | Villager (Male) |
| 9:43 | Construir | Farm |
| 9:59 | Construir | House |
| 10:09 | Crear | Scout Cavalry |
| 10:09 | Crear | Scout Cavalry |
| 10:14 | Construir | Blacksmith |
| 10:17 | Crear | Villager (Male) |
| 10:34 | Construir | Palisade Wall |
| 10:35 | Construir | Palisade Wall |
| 10:37 | Crear | Villager (Male) |
| 10:41 | Construir | Farm |
| 10:42 | Construir | Farm |
| 10:56 | Crear | Scout Cavalry |
| 11:01 | Construir | Farm |
| 11:04 | Crear | Villager (Male) |
| 11:21 | Construir | House |
| 11:26 | Crear | Scout Cavalry |
| 11:33 | Construir | Farm |
| 11:34 | Crear | Villager (Male) |
| 11:49 | Construir | House |
| 11:51 | Construir | Palisade Wall |
| 11:52 | Construir | Palisade Wall |
| 11:56 | Crear | Villager (Male) |
| 12:01 | Construir | Farm |
| 12:05 | Crear | Scout Cavalry |
| 12:05 | Crear | Scout Cavalry |
| 12:21 | Construir | House |
| 12:26 | Crear | Villager (Male) |
| 12:40 | Crear | Scout Cavalry |
| 12:51 | Construir | Farm |
| 12:52 | Construir | Farm |
| 12:53 | Construir | Farm |
| 12:59 | Crear | Villager (Male) |
| 13:17 | Crear | Villager (Male) |
| 13:21 | Construir | Farm |
| 13:23 | Investigar | Horse Collar |
| 13:36 | Construir | Palisade Wall |
| 13:37 | Construir | Palisade Wall |
| 13:56 | Investigar | Forging |
| 14:10 | Crear | Villager (Male) |
| 14:10 | Crear | Villager (Male) |
| 14:12 | Construir | Farm |
| 14:28 | Crear | Villager (Male) |
| 14:38 | Investigar | Scale Barding Armor |
| 14:43 | Crear | Scout Cavalry |
| 14:43 | Crear | Scout Cavalry |
| 14:44 | Crear | Villager (Male) |
| 14:50 | Crear | Villager (Male) |
| 15:03 | Construir | Farm |
| 15:05 | Construir | Farm |
| 15:05 | Construir | Farm |
| 15:23 | Crear | Villager (Male) |
| 15:23 | Crear | Villager (Male) |
| 15:23 | Crear | Villager (Male) |
| 15:28 | Construir | Farm |
| 15:29 | Construir | Farm |
| 15:32 | Crear | Scout Cavalry |
| 15:47 | Crear | Villager (Male) |
| 15:51 | Construir | Mining Camp |
| 16:06 | Crear | Villager (Male) |
| 16:08 | Construir | Farm |
| 16:13 | Construir | House |
| 16:14 | Construir | House |
| 16:22 | Investigar | Scale Barding Armor |
| 16:32 | Investigar | Wheelbarrow |
| 17:56 | Crear | Villager (Male) |
| 17:56 | Crear | Villager (Male) |
| 18:42 | Investigar | Castle Age |
| 19:32 | Construir | Stable |
| 19:34 | Investigar | Bloodlines |
| 20:08 | Construir | Stable |
| 20:34 | Crear | Scout Cavalry |
| 20:46 | Construir | House |
| 20:48 | Construir | House |
| 20:56 | Investigar | Gold Mining |
| 21:01 | Crear | Villager (Male) |
| 21:01 | Crear | Villager (Male) |
| 21:07 | Edad | Edad de los Castillos |
| 21:08 | Crear | Knight |
| 21:09 | Crear | Knight |
| 21:09 | Crear | Knight |
| 21:09 | Crear | Knight |
| 21:14 | Crear | Villager (Male) |
| 21:18 | Investigar | Chain Barding Armor |
| 21:20 | Investigar | Bow Saw |
| 21:44 | Crear | Knight |
| 21:44 | Crear | Knight |
| 21:47 | Construir | House |
| 21:59 | Crear | Knight |
| 21:59 | Crear | Knight |
| 22:22 | Investigar | Husbandry |
| 22:27 | Construir | House |
| 22:48 | Crear | Knight |
| 22:48 | Crear | Knight |
| 22:48 | Crear | Knight |
| 22:48 | Crear | Knight |
| 22:49 | Crear | Villager (Male) |
| 22:49 | Crear | Villager (Male) |
| 22:49 | Crear | Villager (Male) |
| 22:55 | Crear | Spearman |
| 23:00 | Construir | House |
| 23:09 | Construir | Town Center |
| 23:15 | Crear | Knight |
| 23:15 | Crear | Knight |
| 23:15 | Crear | Knight |
| 23:32 | Construir | House |
| 23:45 | Construir | House |
| 23:49 | Construir | House |
| 23:58 | Construir | House |
| 24:07 | Construir | Palisade Wall |
| 24:24 | Construir | House |
| 24:28 | Construir | House |
| 24:28 | Crear | Villager (Male) |
| 24:28 | Crear | Villager (Male) |
| 24:29 | Crear | Villager (Male) |
| 24:30 | Crear | Knight |
| 24:30 | Crear | Knight |
Build order — titumir
Primeras 150 de 172 acciones detectadas
| 0:02 | Crear | Villager (Male) |
| 0:04 | Construir | House |
| 0:05 | Construir | House |
| 0:19 | Crear | Villager (Male) |
| 0:31 | Crear | Villager (Male) |
| 0:31 | Crear | Villager (Male) |
| 1:16 | Crear | Villager (Male) |
| 1:29 | Construir | Lumber Camp |
| 1:36 | Crear | Villager (Male) |
| 1:37 | Crear | Villager (Male) |
| 2:06 | Crear | Villager (Male) |
| 2:06 | Crear | Villager (Male) |
| 2:50 | Crear | Villager (Male) |
| 2:59 | Crear | Villager (Male) |
| 3:00 | Crear | Villager (Male) |
| 3:23 | Crear | Villager (Male) |
| 3:58 | Construir | House |
| 4:03 | Construir | House |
| 4:08 | Crear | Villager (Male) |
| 4:09 | Crear | Villager (Male) |
| 4:39 | Crear | Villager (Male) |
| 4:39 | Crear | Villager (Male) |
| 4:40 | Crear | Villager (Male) |
| 4:40 | Crear | Villager (Male) |
| 5:09 | Construir | Mill |
| 5:31 | Crear | Villager (Male) |
| 5:32 | Investigar | Loom |
| 6:53 | Investigar | Feudal Age |
| 8:00 | Construir | Barracks |
| 8:07 | Construir | House |
| 8:51 | Crear | Villager (Male) |
| 9:03 | Edad | Edad Feudal |
| 9:06 | Crear | Villager (Male) |
| 9:10 | Construir | Stable |
| 9:16 | Investigar | Double-Bit Axe |
| 9:17 | Crear | Villager (Male) |
| 9:44 | Construir | Palisade Wall |
| 9:48 | Construir | Palisade Gate |
| 9:49 | Crear | Scout Cavalry |
| 10:02 | Construir | Mill |
| 10:11 | Crear | Villager (Male) |
| 10:18 | Crear | Scout Cavalry |
| 10:22 | Crear | Villager (Male) |
| 10:34 | Construir | Palisade Wall |
| 10:37 | Construir | Palisade Gate |
| 10:45 | Construir | Palisade Wall |
| 10:46 | Construir | Palisade Gate |
| 10:48 | Crear | Scout Cavalry |
| 10:49 | Crear | Villager (Male) |
| 11:12 | Investigar | Horse Collar |
| 11:16 | Construir | Farm |
| 11:17 | Construir | Farm |
| 11:19 | Construir | Farm |
| 11:51 | Construir | Farm |
| 11:52 | Construir | Farm |
| 12:06 | Construir | House |
| 12:08 | Construir | House |
| 12:18 | Crear | Scout Cavalry |
| 12:19 | Crear | Villager (Male) |
| 12:26 | Construir | Palisade Wall |
| 12:28 | Construir | Palisade Gate |
| 12:32 | Crear | Scout Cavalry |
| 12:43 | Construir | Farm |
| 13:00 | Crear | Villager (Male) |
| 13:01 | Crear | Scout Cavalry |
| 13:05 | Construir | Farm |
| 13:34 | Construir | Farm |
| 13:38 | Crear | Villager (Male) |
| 13:39 | Crear | Scout Cavalry |
| 14:15 | Crear | Scout Cavalry |
| 14:21 | Crear | Villager (Male) |
| 14:37 | Investigar | Bloodlines |
| 14:39 | Crear | Villager (Male) |
| 14:43 | Construir | Blacksmith |
| 14:52 | Construir | Farm |
| 15:30 | Investigar | Scale Barding Armor |
| 15:32 | Crear | Scout Cavalry |
| 15:33 | Crear | Villager (Male) |
| 15:49 | Construir | Farm |
| 15:52 | Construir | Farm |
| 15:55 | Construir | Farm |
| 15:59 | Crear | Scout Cavalry |
| 16:03 | Crear | Villager (Male) |
| 16:08 | Construir | House |
| 16:20 | Construir | House |
| 16:22 | Construir | House |
| 16:35 | Crear | Scout Cavalry |
| 16:36 | Crear | Villager (Male) |
| 16:47 | Construir | Lumber Camp |
| 17:00 | Crear | Scout Cavalry |
| 17:05 | Construir | House |
| 17:10 | Construir | House |
| 17:15 | Crear | Villager (Male) |
| 17:30 | Construir | Farm |
| 17:31 | Construir | Farm |
| 17:46 | Crear | Scout Cavalry |
| 18:04 | Crear | Villager (Male) |
| 18:07 | Construir | Farm |
| 18:08 | Construir | Farm |
| 18:26 | Construir | Market |
| 18:36 | Crear | Scout Cavalry |
| 18:45 | Construir | Farm |
| 18:46 | Crear | Villager (Male) |
| 18:59 | Crear | Scout Cavalry |
| 19:01 | Construir | Farm |
| 19:01 | Construir | Farm |
| 19:01 | Construir | Farm |
| 19:02 | Construir | Farm |
| 19:02 | Construir | Farm |
| 19:02 | Construir | Farm |
| 19:03 | Construir | Farm |
| 19:13 | Crear | Villager (Male) |
| 19:22 | Construir | Farm |
| 19:25 | Construir | Farm |
| 19:27 | Construir | Farm |
| 19:29 | Construir | Farm |
| 19:30 | Construir | Farm |
| 19:31 | Crear | Scout Cavalry |
| 19:44 | Crear | Villager (Male) |
| 20:04 | Crear | Scout Cavalry |
| 20:11 | Construir | Mining Camp |
| 20:14 | Crear | Villager (Male) |
| 20:37 | Crear | Villager (Male) |
| 20:48 | Crear | Scout Cavalry |
| 20:49 | Crear | Scout Cavalry |
| 21:11 | Crear | Villager (Male) |
| 21:41 | Construir | Market |
| 21:48 | Crear | Villager (Male) |
| 22:09 | Investigar | Castle Age |
| 22:37 | Construir | Stable |
| 22:43 | Investigar | Forging |
| 23:47 | Investigar | Gold Mining |
| 23:56 | Construir | House |
| 23:59 | Construir | House |
| 24:05 | Crear | Scout Cavalry |
| 24:35 | Construir | Stable |
| 24:53 | Edad | Edad de los Castillos |
| 24:58 | Investigar | Light Cavalry (upgrade) |
| 24:59 | Investigar | Husbandry |
| 25:04 | Crear | Villager (Male) |
| 25:07 | Investigar | Chain Barding Armor |
| 25:18 | Construir | Farm |
| 25:31 | Crear | Camel Scout ×2 |
| 25:41 | Crear | Camel Scout |
| 25:55 | Crear | Villager (Male) |
| 26:02 | Crear | Camel Scout |
| 26:40 | Crear | Camel Scout ×2 |
| 26:42 | Crear | Villager (Male) |
| 27:07 | Crear | Camel Scout ×5 |
| 27:10 | Crear | Villager (Male) |
Build order — Twidboy
Primeras 150 de 221 acciones detectadas
| 0:02 | Crear | Villager (Male) |
| 0:02 | Crear | Villager (Male) |
| 0:02 | Crear | Villager (Male) |
| 0:03 | Construir | House |
| 0:04 | Construir | House |
| 0:05 | Crear | Villager (Male) |
| 0:05 | Crear | Villager (Male) |
| 0:05 | Crear | Villager (Male) |
| 1:31 | Crear | Villager (Male) |
| 1:32 | Crear | Villager (Male) |
| 1:32 | Crear | Villager (Male) |
| 1:51 | Construir | Lumber Camp |
| 2:03 | Crear | Villager (Male) |
| 2:03 | Crear | Villager (Male) |
| 2:04 | Crear | Villager (Male) |
| 2:05 | Crear | Villager (Male) |
| 2:06 | Crear | Villager (Male) |
| 2:46 | Crear | Villager (Male) |
| 2:46 | Crear | Villager (Male) |
| 2:46 | Crear | Villager (Male) |
| 2:59 | Crear | Villager (Male) |
| 3:01 | Construir | House |
| 3:44 | Crear | Villager (Male) |
| 3:44 | Crear | Villager (Male) |
| 3:45 | Crear | Villager (Male) |
| 4:10 | Crear | Villager (Male) |
| 4:10 | Crear | Villager (Male) |
| 4:10 | Crear | Villager (Male) |
| 4:10 | Crear | Villager (Male) |
| 5:04 | Crear | Villager (Male) |
| 5:18 | Construir | Mill |
| 5:28 | Crear | Villager (Male) |
| 5:29 | Investigar | Loom |
| 5:29 | Investigar | Loom |
| 6:31 | Investigar | Feudal Age |
| 6:31 | Investigar | Feudal Age |
| 7:40 | Construir | House |
| 7:50 | Construir | Barracks |
| 8:27 | Crear | Villager (Male) |
| 8:27 | Crear | Villager (Male) |
| 8:41 | Edad | Edad Feudal |
| 8:49 | Construir | Stable |
| 9:03 | Investigar | Double-Bit Axe |
| 9:03 | Investigar | Double-Bit Axe |
| 9:19 | Crear | Villager (Male) |
| 9:36 | Crear | Scout Cavalry |
| 9:36 | Crear | Scout Cavalry |
| 9:37 | Crear | Scout Cavalry |
| 9:58 | Construir | Mill |
| 10:10 | Crear | Villager (Male) |
| 10:10 | Crear | Villager (Male) |
| 10:15 | Construir | House |
| 10:33 | Crear | Villager (Male) |
| 10:33 | Crear | Villager (Male) |
| 10:33 | Crear | Villager (Male) |
| 10:49 | Construir | Farm |
| 10:50 | Construir | Farm |
| 10:50 | Construir | Farm |
| 10:55 | Construir | Farm |
| 11:01 | Crear | Scout Cavalry |
| 11:06 | Crear | Villager (Male) |
| 11:06 | Crear | Villager (Male) |
| 11:12 | Construir | House |
| 11:14 | Construir | Palisade Wall |
| 11:35 | Construir | Farm |
| 11:38 | Crear | Villager (Male) |
| 11:49 | Crear | Scout Cavalry |
| 11:49 | Crear | Scout Cavalry |
| 12:31 | Crear | Villager (Male) |
| 12:32 | Crear | Scout Cavalry |
| 12:38 | Construir | Blacksmith |
| 12:56 | Crear | Scout Cavalry |
| 12:56 | Crear | Villager (Male) |
| 13:11 | Crear | Villager (Male) |
| 13:15 | Construir | Farm |
| 13:17 | Construir | Farm |
| 13:22 | Crear | Scout Cavalry |
| 13:30 | Construir | House |
| 13:31 | Construir | Palisade Wall |
| 13:42 | Investigar | Scale Barding Armor |
| 13:42 | Investigar | Scale Barding Armor |
| 13:46 | Crear | Villager (Male) |
| 13:48 | Construir | House |
| 13:55 | Construir | Palisade Wall |
| 14:11 | Crear | Villager (Male) |
| 14:18 | Construir | Palisade Gate |
| 14:20 | Construir | House |
| 14:32 | Crear | Scout Cavalry |
| 14:33 | Crear | Villager (Male) |
| 14:45 | Construir | Lumber Camp |
| 15:00 | Crear | Villager (Male) |
| 15:05 | Crear | Scout Cavalry |
| 15:06 | Crear | Scout Cavalry |
| 15:08 | Construir | Farm |
| 15:18 | Crear | Villager (Male) |
| 15:22 | Construir | Farm |
| 15:37 | Construir | House |
| 15:38 | Construir | Palisade Wall |
| 16:01 | Crear | Villager (Male) |
| 16:03 | Crear | Scout Cavalry |
| 16:05 | Construir | Farm |
| 16:05 | Construir | Farm |
| 16:05 | Construir | Farm |
| 16:06 | Construir | Farm |
| 16:06 | Construir | Farm |
| 16:06 | Construir | Farm |
| 16:15 | Crear | Villager (Male) |
| 16:20 | Construir | Farm |
| 16:31 | Crear | Scout Cavalry |
| 16:45 | Construir | Mining Camp |
| 17:08 | Crear | Villager (Male) |
| 17:23 | Crear | Villager (Male) |
| 17:30 | Construir | House |
| 18:11 | Crear | Villager (Male) |
| 18:12 | Crear | Scout Cavalry |
| 18:16 | Investigar | Bloodlines |
| 18:16 | Investigar | Bloodlines |
| 18:27 | Construir | House |
| 18:32 | Crear | Villager (Male) |
| 18:38 | Construir | Watch Tower |
| 19:01 | Crear | Scout Cavalry |
| 19:03 | Crear | Villager (Male) |
| 19:18 | Crear | Villager (Male) |
| 19:53 | Construir | Farm |
| 19:53 | Construir | Farm |
| 19:53 | Construir | Farm |
| 20:14 | Crear | Villager (Male) |
| 20:31 | Construir | Palisade Gate |
| 20:36 | Construir | Palisade Wall |
| 20:37 | Construir | Palisade Wall |
| 20:42 | Construir | Palisade Gate |
| 20:45 | Crear | Villager (Male) |
| 20:50 | Construir | Farm |
| 20:51 | Construir | Farm |
| 20:51 | Construir | Farm |
| 20:51 | Construir | Farm |
| 21:08 | Crear | Villager (Male) |
| 21:16 | Construir | Farm |
| 21:27 | Crear | Villager (Male) |
| 21:29 | Crear | Scout Cavalry |
| 21:33 | Investigar | Horse Collar |
| 21:33 | Investigar | Horse Collar |
| 21:52 | Crear | Villager (Male) |
| 21:53 | Crear | Scout Cavalry |
| 22:39 | Crear | Villager (Male) |
| 22:49 | Construir | Archery Range |
| 22:51 | Construir | Archery Range |
| 22:57 | Construir | Archery Range |
| 23:14 | Crear | Villager (Male) |
| 23:38 | Crear | Villager (Male) |
Build order — | 尺
Primeras 150 de 211 acciones detectadas
| 0:02 | Investigar | Loom |
| 0:03 | Crear | Villager (Male) |
| 0:05 | Construir | House |
| 0:07 | Construir | House |
| 0:17 | Crear | Villager (Male) |
| 0:35 | Crear | Villager (Male) |
| 1:27 | Crear | Villager (Male) |
| 2:11 | Crear | Villager (Male) |
| 2:11 | Crear | Villager (Male) |
| 2:17 | Crear | Villager (Male) |
| 2:18 | Crear | Villager (Male) |
| 2:58 | Crear | Villager (Male) |
| 2:58 | Crear | Villager (Male) |
| 3:07 | Construir | Lumber Camp |
| 3:15 | Crear | Villager (Male) |
| 3:16 | Crear | Villager (Male) |
| 3:56 | Construir | House |
| 4:10 | Crear | Villager (Male) |
| 4:11 | Crear | Villager (Male) |
| 4:12 | Crear | Villager (Male) |
| 4:12 | Crear | Villager (Male) |
| 4:15 | Crear | Villager (Male) |
| 5:18 | Crear | Villager (Male) |
| 6:15 | Crear | Villager (Male) |
| 6:34 | Construir | Mining Camp |
| 7:09 | Investigar | Feudal Age |
| 7:09 | Investigar | Feudal Age |
| 7:09 | Investigar | Feudal Age |
| 7:55 | Construir | Barracks |
| 9:07 | Crear | Villager (Male) |
| 9:19 | Edad | Edad Feudal |
| 9:25 | Construir | Archery Range |
| 9:42 | Construir | Archery Range |
| 9:44 | Crear | Villager (Male) |
| 9:46 | Crear | Spearman |
| 9:50 | Construir | House |
| 10:12 | Construir | House |
| 10:18 | Crear | Archer |
| 10:32 | Crear | Villager (Male) |
| 10:34 | Crear | Archer |
| 10:34 | Crear | Archer |
| 10:36 | Crear | Archer |
| 10:40 | Construir | Palisade Wall |
| 11:03 | Crear | Archer |
| 11:08 | Crear | Villager (Male) |
| 11:08 | Crear | Villager (Male) |
| 11:18 | Construir | Blacksmith |
| 11:28 | Crear | Archer |
| 11:31 | Crear | Villager (Male) |
| 11:56 | Construir | House |
| 12:03 | Crear | Archer |
| 12:08 | Construir | House |
| 12:41 | Investigar | Fletching |
| 12:42 | Investigar | Fletching |
| 12:42 | Crear | Archer |
| 12:43 | Crear | Archer |
| 12:47 | Crear | Villager (Male) |
| 12:49 | Crear | Archer |
| 12:49 | Crear | Archer |
| 13:15 | Construir | House |
| 13:28 | Crear | Villager (Male) |
| 13:28 | Crear | Villager (Male) |
| 13:30 | Crear | Archer |
| 13:30 | Crear | Archer |
| 14:11 | Crear | Archer |
| 14:11 | Crear | Archer |
| 14:30 | Crear | Villager (Male) |
| 14:30 | Crear | Villager (Male) |
| 14:31 | Crear | Archer |
| 14:31 | Crear | Archer |
| 14:34 | Crear | Villager (Male) |
| 14:38 | Construir | Archery Range |
| 14:52 | Construir | Mill |
| 14:56 | Crear | Archer |
| 14:56 | Crear | Archer |
| 15:07 | Construir | House |
| 15:26 | Construir | House |
| 15:34 | Crear | Archer |
| 15:34 | Crear | Archer |
| 15:42 | Crear | Archer |
| 15:42 | Crear | Archer |
| 16:04 | Investigar | Padded Archer Armor |
| 16:04 | Investigar | Padded Archer Armor |
| 16:07 | Construir | Farm |
| 16:08 | Construir | Farm |
| 16:11 | Crear | Archer |
| 16:11 | Crear | Archer |
| 16:21 | Crear | Archer |
| 16:22 | Crear | Archer |
| 16:36 | Construir | House |
| 16:39 | Crear | Archer |
| 16:43 | Construir | House |
| 16:59 | Crear | Archer |
| 17:00 | Crear | Archer |
| 17:01 | Crear | Villager (Male) |
| 17:09 | Crear | Archer |
| 17:09 | Crear | Archer |
| 17:22 | Construir | Farm |
| 17:22 | Construir | Farm |
| 17:23 | Construir | Farm |
| 17:24 | Crear | Villager (Male) |
| 17:27 | Crear | Villager (Male) |
| 17:44 | Crear | Villager (Male) |
| 17:51 | Crear | Archer |
| 17:51 | Crear | Archer |
| 17:58 | Crear | Villager (Male) |
| 18:13 | Crear | Archer |
| 18:13 | Crear | Archer |
| 18:28 | Construir | House |
| 19:25 | Crear | Archer |
| 19:25 | Crear | Archer |
| 19:31 | Construir | Farm |
| 19:31 | Crear | Villager (Male) |
| 19:34 | Construir | Farm |
| 19:39 | Crear | Archer |
| 19:40 | Crear | Archer |
| 19:41 | Crear | Villager (Male) |
| 19:41 | Crear | Villager (Male) |
| 19:43 | Crear | Villager (Male) |
| 19:48 | Crear | Archer |
| 19:49 | Crear | Archer |
| 20:01 | Crear | Archer |
| 20:01 | Crear | Archer |
| 20:02 | Crear | Villager (Male) |
| 20:13 | Crear | Archer |
| 20:14 | Crear | Archer |
| 20:26 | Construir | Farm |
| 20:44 | Construir | Farm |
| 21:23 | Crear | Villager (Male) |
| 21:32 | Construir | Market |
| 21:36 | Construir | Palisade Wall |
| 21:39 | Construir | Palisade Wall |
| 21:43 | Construir | Palisade Wall |
| 21:46 | Crear | Archer |
| 21:46 | Crear | Archer |
| 22:01 | Construir | Palisade Wall |
| 22:02 | Crear | Villager (Male) |
| 22:04 | Crear | Archer |
| 22:04 | Crear | Archer |
| 22:04 | Crear | Archer |
| 22:11 | Construir | House |
| 22:54 | Construir | Archery Range |
| 23:01 | Investigar | Castle Age |
| 23:01 | Investigar | Castle Age |
| 23:02 | Crear | Archer |
| 23:03 | Crear | Archer |
| 23:03 | Crear | Archer |
| 23:03 | Crear | Archer |
| 23:25 | Crear | Archer |
| 23:25 | Crear | Archer |
Build order — memecoin enthusiast
Primeras 150 de 210 acciones detectadas
| 0:00 | Crear | Villager (Male) |
| 0:01 | Crear | Villager (Male) |
| 0:01 | Crear | Villager (Male) |
| 0:01 | Crear | Villager (Male) |
| 0:02 | Construir | House |
| 0:04 | Construir | House |
| 1:09 | Crear | Villager (Male) |
| 1:09 | Crear | Villager (Male) |
| 1:30 | Crear | Villager (Male) |
| 1:55 | Construir | Lumber Camp |
| 2:05 | Crear | Villager (Male) |
| 2:06 | Crear | Villager (Male) |
| 2:06 | Crear | Villager (Male) |
| 2:18 | Crear | Villager (Male) |
| 2:50 | Crear | Villager (Male) |
| 2:51 | Crear | Villager (Male) |
| 2:51 | Crear | Villager (Male) |
| 3:06 | Crear | Villager (Male) |
| 3:06 | Crear | Villager (Male) |
| 3:06 | Crear | Villager (Male) |
| 3:20 | Construir | House |
| 3:23 | Construir | House |
| 3:29 | Construir | House |
| 3:39 | Crear | Villager (Male) |
| 4:04 | Crear | Villager (Male) |
| 4:04 | Crear | Villager (Male) |
| 4:05 | Crear | Villager (Male) |
| 4:20 | Construir | Palisade Wall |
| 4:22 | Construir | Palisade Wall |
| 4:23 | Construir | Palisade Wall |
| 4:28 | Construir | Palisade Wall |
| 4:30 | Construir | Palisade Wall |
| 4:54 | Crear | Villager (Male) |
| 4:54 | Crear | Villager (Male) |
| 4:54 | Crear | Villager (Male) |
| 4:55 | Crear | Villager (Male) |
| 4:55 | Crear | Villager (Male) |
| 5:06 | Construir | Mill |
| 5:50 | Crear | Villager (Male) |
| 5:51 | Crear | Villager (Male) |
| 6:56 | Crear | Villager (Male) |
| 6:57 | Crear | Villager (Male) |
| 6:57 | Crear | Villager (Male) |
| 7:10 | Construir | Mining Camp |
| 8:14 | Crear | Villager (Male) |
| 8:18 | Investigar | Feudal Age |
| 8:18 | Investigar | Feudal Age |
| 8:19 | Investigar | Feudal Age |
| 8:42 | Construir | Palisade Wall |
| 8:43 | Construir | Palisade Wall |
| 8:44 | Construir | Palisade Wall |
| 8:46 | Construir | Palisade Wall |
| 8:46 | Construir | Palisade Wall |
| 8:51 | Construir | Palisade Wall |
| 8:54 | Construir | Palisade Wall |
| 8:55 | Construir | Palisade Wall |
| 8:56 | Construir | Palisade Wall |
| 9:05 | Construir | Palisade Wall |
| 9:46 | Investigar | Loom |
| 10:31 | Edad | Edad Feudal |
| 10:35 | Construir | Market |
| 10:39 | Construir | Blacksmith |
| 12:10 | Investigar | Castle Age |
| 12:10 | Investigar | Castle Age |
| 12:11 | Investigar | Castle Age |
| 12:26 | Construir | Palisade Wall |
| 12:33 | Construir | Palisade Wall |
| 12:52 | Construir | Farm |
| 12:53 | Construir | Farm |
| 12:57 | Construir | Farm |
| 13:03 | Construir | Farm |
| 13:06 | Construir | Farm |
| 13:33 | Construir | Farm |
| 13:35 | Investigar | Scale Mail Armor |
| 14:25 | Investigar | Forging |
| 14:26 | Investigar | Forging |
| 14:50 | Edad | Edad de los Castillos |
| 15:03 | Construir | Castle |
| 15:50 | Construir | Mining Camp |
| 15:51 | Crear | Ghulam |
| 15:51 | Crear | Ghulam |
| 15:52 | Crear | Ghulam |
| 16:06 | Crear | Villager (Male) |
| 16:06 | Crear | Villager (Male) |
| 16:30 | Crear | Ghulam |
| 16:31 | Crear | Ghulam |
| 16:31 | Crear | Ghulam |
| 16:31 | Crear | Ghulam |
| 16:41 | Crear | Ghulam |
| 16:42 | Crear | Ghulam |
| 16:50 | Crear | Ghulam |
| 16:50 | Crear | Ghulam |
| 16:51 | Crear | Ghulam |
| 17:02 | Crear | Ghulam |
| 17:03 | Crear | Ghulam |
| 17:05 | Crear | Villager (Male) |
| 17:24 | Crear | Ghulam |
| 17:24 | Crear | Ghulam |
| 17:29 | Crear | Ghulam |
| 17:30 | Crear | Ghulam |
| 17:34 | Crear | Ghulam |
| 17:52 | Crear | Ghulam |
| 18:19 | Construir | Barracks |
| 18:44 | Investigar | Chain Mail Armor |
| 18:45 | Investigar | Chain Mail Armor |
| 18:47 | Crear | Ghulam |
| 18:48 | Crear | Ghulam |
| 18:48 | Crear | Ghulam |
| 19:09 | Construir | Farm |
| 19:15 | Construir | Farm |
| 19:16 | Crear | Ghulam |
| 19:16 | Crear | Ghulam |
| 19:17 | Crear | Ghulam |
| 19:34 | Crear | Ghulam |
| 19:48 | Crear | Ghulam |
| 20:11 | Investigar | Arson |
| 20:11 | Investigar | Arson |
| 20:12 | Crear | Ghulam |
| 20:12 | Crear | Ghulam |
| 20:13 | Crear | Ghulam |
| 20:19 | Crear | Ghulam |
| 20:41 | Crear | Ghulam |
| 20:41 | Crear | Ghulam |
| 20:41 | Crear | Ghulam |
| 20:51 | Crear | Ghulam |
| 20:52 | Crear | Ghulam |
| 21:10 | Crear | Ghulam |
| 21:24 | Crear | Ghulam |
| 21:24 | Crear | Ghulam |
| 21:44 | Crear | Ghulam |
| 21:44 | Crear | Ghulam |
| 21:45 | Crear | Ghulam |
| 21:45 | Crear | Ghulam |
| 21:45 | Crear | Ghulam |
| 21:52 | Crear | Ghulam |
| 21:52 | Crear | Ghulam |
| 21:52 | Crear | Ghulam |
| 22:05 | Crear | Ghulam |
| 22:05 | Crear | Ghulam |
| 22:06 | Crear | Ghulam |
| 22:12 | Crear | Ghulam |
| 22:20 | Crear | Ghulam |
| 22:30 | Construir | House |
| 22:33 | Construir | House |
| 22:36 | Crear | Ghulam |
| 22:54 | Crear | Ghulam |
| 22:54 | Crear | Ghulam |
| 23:24 | Crear | Ghulam |
| 23:24 | Crear | Ghulam |
| 23:24 | Crear | Ghulam |
Cronología de la partida
| 4:20 | memecoin enthusiast · wall_segment Palisade Wall x1 |
| 4:22 | memecoin enthusiast · wall_segment Palisade Wall x1 |
| 4:23 | memecoin enthusiast · wall_segment Palisade Wall x1 |
| 4:28 | memecoin enthusiast · wall_segment Palisade Wall x1 |
| 4:30 | memecoin enthusiast · wall_segment Palisade Wall x1 |
| 7:06 | AcE | AvadaKedavra · first_building Barracks |
| 7:49 | Mceffe · first_building Barracks |
| 7:50 | Twidboy · first_building Barracks |
| 7:55 | | 尺 · first_building Barracks |
| 8:00 | titumir · first_building Barracks |
| 8:17 | MR.Superman · first_building Barracks |
| 8:38 | Monsoon Neutralizer · first_building Barracks |
| 8:41 | Twidboy · age_up feudal |
| 8:42 | memecoin enthusiast · wall_segment Palisade Wall x1 |
| 8:43 | memecoin enthusiast · wall_segment Palisade Wall x1 |
| 8:44 | memecoin enthusiast · wall_segment Palisade Wall x1 |
| 8:46 | memecoin enthusiast · wall_segment Palisade Wall x2 |
| 8:46 | memecoin enthusiast · wall_segment Palisade Wall x1 |
| 8:49 | Twidboy · first_building Stable |
| 8:51 | memecoin enthusiast · wall_segment Palisade Wall x1 |
| 8:54 | memecoin enthusiast · wall_segment Palisade Wall x1 |
| 8:55 | memecoin enthusiast · wall_segment Palisade Wall x1 |
| 8:56 | memecoin enthusiast · wall_segment Palisade Wall x1 |
| 9:03 | titumir · age_up feudal |
| 9:05 | memecoin enthusiast · wall_segment Palisade Wall x1 |
| 9:07 | AcE | AvadaKedavra · age_up feudal |
| 9:10 | titumir · first_building Stable |
| 9:13 | Mceffe · age_up feudal |
| 9:15 | Mceffe · first_building Stable |
| 9:16 | AcE | AvadaKedavra · first_building Archery Range |
| 9:19 | | 尺 · age_up feudal |
| 9:20 | MR.Superman · age_up feudal |
| 9:25 | | 尺 · first_building Archery Range |
| 9:27 | MR.Superman · first_building Stable |
| 9:32 | MR.Superman · wall_segment Palisade Wall x12 |
| 9:44 | titumir · wall_segment Palisade Wall x7 |
| 9:58 | MR.Superman · wall_segment Palisade Wall x5 |
| 9:58 | Monsoon Neutralizer · age_up feudal |
| 9:59 | Monsoon Neutralizer · first_building Archery Range |
| 10:31 | memecoin enthusiast · age_up feudal |
| 10:33 | AcE | AvadaKedavra · wall_segment Palisade Wall x9 |
| 10:34 | Mceffe · wall_segment Palisade Wall x8 |
| 10:34 | titumir · wall_segment Palisade Wall x16 |
| 10:35 | Mceffe · wall_segment Palisade Wall x7 |
| 10:40 | | 尺 · wall_segment Palisade Wall x1 |
| 10:45 | titumir · wall_segment Palisade Wall x10 |
| 10:58 | AcE | AvadaKedavra · wall_segment Palisade Wall x1 |
| 11:14 | Twidboy · wall_segment Palisade Wall x16 |
| 11:33 | MR.Superman · wall_segment Palisade Wall x14 |
| 11:35 | memecoin enthusiast · first_market_sell 100 stone |
| 11:40 | AcE | AvadaKedavra · wall_segment Palisade Wall x7 |
| 11:51 | Mceffe · wall_segment Palisade Wall x15 |
| 11:52 | MR.Superman · wall_segment Palisade Wall x15 |
| 11:52 | Mceffe · wall_segment Palisade Wall x5 |
| 12:18 | AcE | AvadaKedavra · wall_segment Palisade Wall x6 |
| 12:26 | memecoin enthusiast · wall_segment Palisade Wall x1 |
| 12:26 | titumir · wall_segment Palisade Wall x10 |
| 12:33 | memecoin enthusiast · wall_segment Palisade Wall x1 |
| 13:31 | Twidboy · wall_segment Palisade Wall x1 |
| 13:36 | Mceffe · wall_segment Palisade Wall x11 |
| 13:37 | Mceffe · wall_segment Palisade Wall x10 |
| 13:46 | AcE | AvadaKedavra · wall_segment Palisade Wall x5 |
| 13:55 | Twidboy · wall_segment Palisade Wall x18 |
| 14:24 | AcE | AvadaKedavra · wall_segment Palisade Wall x6 |
| 14:50 | memecoin enthusiast · age_up castle |
| 14:55 | AcE | AvadaKedavra · wall_segment Palisade Wall x13 |
| 15:03 | memecoin enthusiast · first_building Castle |
| 15:38 | Twidboy · wall_segment Palisade Wall x3 |
| 15:51 | AcE | AvadaKedavra · wall_segment Palisade Wall x3 |
| 16:20 | AcE | AvadaKedavra · wall_segment Palisade Wall x3 |
| 16:44 | MR.Superman · wall_segment Palisade Wall x1 |
| 16:49 | Monsoon Neutralizer · wall_segment Palisade Wall x7 |
| 16:51 | Monsoon Neutralizer · wall_segment Palisade Wall x1 |
| 18:19 | memecoin enthusiast · first_building Barracks |
| 18:41 | memecoin enthusiast · first_market_buy 100 food |
| 19:43 | AcE | AvadaKedavra · wall_segment Palisade Wall x1 |
| 19:55 | AcE | AvadaKedavra · wall_segment Palisade Wall x1 |
| 20:36 | Twidboy · wall_segment Palisade Wall x2 |
| 20:37 | Twidboy · wall_segment Palisade Wall x4 |
| 20:59 | Monsoon Neutralizer · wall_segment Stone Wall x8 |
| 21:07 | Mceffe · age_up castle |
| 21:36 | | 尺 · wall_segment Palisade Wall x14 |
| 21:39 | | 尺 · wall_segment Palisade Wall x5 |
| 21:43 | | 尺 · wall_segment Palisade Wall x3 |
| 21:54 | Monsoon Neutralizer · wall_segment Stone Wall x4 |
| 22:01 | | 尺 · wall_segment Palisade Wall x13 |
| 22:28 | | 尺 · first_market_sell 500 stone |
| 22:35 | | 尺 · first_market_buy 100 food |
| 22:49 | Twidboy · first_building Archery Range |
| 23:03 | AcE | AvadaKedavra · age_up castle |
| 24:07 | Mceffe · wall_segment Palisade Wall x1 |
| 24:22 | titumir · first_market_sell 100 food |
| 24:23 | titumir · first_market_buy 100 wood |
| 24:28 | MR.Superman · first_market_buy 100 food |
| 24:31 | MR.Superman · first_market_sell 100 wood |
| 24:53 | titumir · age_up castle |
| 25:12 | Monsoon Neutralizer · first_market_buy 100 food |
| 25:41 | | 尺 · age_up castle |
| 26:58 | MR.Superman · age_up castle |
| 26:58 | Twidboy · age_up castle |
| 27:30 | MR.Superman · wall_segment Stone Wall x1 |
| 28:02 | Monsoon Neutralizer · age_up castle |
| 28:59 | Mceffe · wall_segment Palisade Wall x1 |
| 29:04 | Mceffe · wall_segment Palisade Wall x1 |
| 29:50 | Mceffe · wall_segment Palisade Wall x1 |
| 32:28 | titumir · resign |
[ ANÁLISIS IA · 1 CRÉDITO ]
¿Qué pasó realmente en esta partida?
Wolo.gg analiza cada decisión: build order, eco, micro, errores típicos por bracket. Análisis personalizado por WhatsApp o Discord en 30 segundos.
Guía civ
Etíopes
Guía mapa
Arabia
Perfil
AcE | AvadaKedavra